 Dungeon Crawl Stone Soup version 0.31-a0-1009-g454b1f1e0a (webtiles) character file.

Game seed: 11562793421564517522

6 kae the Vexing (level 1, 0/13 HPs)
             Began as a Demonspawn Enchanter on Nov 14, 2023.
             Slain by a kobold
             ... wielding a +0 short sword
              (3 damage)
             ... on level 2 of the Dungeon.
             The game lasted 00:00:15 (276 turns).

kae the Vexing (Demonspawn Enchanter)                Turns: 276, Time: 00:00:15

Health: 0/13       AC:  2    Str:  8    XL:     1   Next: 75%
Magic:  3/3        EV: 12    Int: 16    God:
Gold:   9          SH:  0    Dex: 19    Spells: 4/4 levels left

rFire   . . .        a - +1 dagger
rCold   . . .        (no shield)
rNeg    . . .        b - +0 robe
rPois   .            (no helmet)
rElec   .            (no cloak)
rCorr   .            (no gloves)
SInv    .            (no boots)
Will    .....        (no amulet)
Stlth   ++           D - +6 ring of dexterity
HPRegen 0.22/turn    (no ring)
MPRegen 0.08/turn

%: no passive effects
@: no status effects
A: no striking features
a: no special abilities


You were on level 2 of the Dungeon.
You visited 1 branch of the dungeon, and saw 2 of its levels.

You collected 9 gold pieces.


   Skills:
 * Level 1.1 Short Blades
 - Level 1.7 Dodging
 + Level 2.7 Stealth
 + Level 2.0 Spellcasting
 * Level 3.1 Hexes


You had 4 spell levels left.
You didn't know any spells.
Your spell library contained the following spells:

 Spells                   Type           Power      Damage    Failure   Level
 Ensorcelled Hibernation  Hex/Ice        12%        N/A       16%         2
 Confusing Touch          Hex            11%        N/A       17%         3
 Tukima's Dance           Hex            11%        N/A       17%         3
 Dazzling Flash           Conj/Hex       12%        N/A       32%         3

Inventory:

Hand Weapons
 a - a +1 dagger (weapon)
Missiles
 d - 7 stones
 e - 3 curare-tipped darts {=f}
Armour
 b - a +0 robe (worn)
Jewellery
 A - an amulet of the acrobat
   (You found it on level 2 of the Dungeon)
 D - a +6 ring of dexterity (left hand)
   (You found it on level 2 of the Dungeon)
Potions
 c - 2 potions of invisibility

Dungeon Overview and Level Annotations

Branches:
Dungeon (1/15) Zot: 11725

Altars:
Cheibriados

........####...####
........'.........#
........####...##.#
.......## ##.###.#
#.....## ### #.#
##...## #####.#
##+## ...#.#
###.#.# #...@.#
#.#K### ... #.## #.
. . .#


You could see a kobold.


Message History

The goblin hits you with a +0 dagger.
You see here a +0 dagger.
You closely miss the goblin. The goblin closely misses you. 😕 HP[-1]
You take 1 damage, and now have 12/13 hp.
There are monsters nearby!
You barely miss the goblin. The goblin closely misses you.
You hit the goblin.
You kill the goblin! 😎 HP[+1]
Your hp is fully restored (13).
Things that are here:
a +0 dagger; a goblin corpse You closely miss the hobgoblin.
The hobgoblin hits you but does no damage.
You hit the hobgoblin. The hobgoblin hits you.
You hit the hobgoblin. The hobgoblin barely misses you.
You hit the hobgoblin.
You kill the hobgoblin!
No target in view!
No target in view!
No target in view!
You see here a hobgoblin corpse.
No target in view!
No target in view!
You aren't carrying any scrolls.
Unknown command.
You feel agile.
D - a +6 ring of dexterity (left hand)
A goblin comes into view. It is wielding a +0 dagger.
A goblin is nearby!
The goblin shouts!
There is an open door here.
A goblin is nearby!
The goblin barely misses you.
You barely miss the goblin.
A goblin is nearby!
You hit the goblin.
You kill the goblin!
No target in view!
A - an amulet of the acrobat No target in view!
No target in view!
e - 3 curare-tipped darts {=f} No target in view!
No target in view!
You open the door.
There is an open door here.
A kobold comes into view. It is wielding a +0 short sword.
The kobold shouts!
A kobold is nearby!
You closely miss the kobold.
The kobold hits you with a +0 short sword.
You hit the kobold but do no damage. The kobold barely misses you. 😕 HP[-2]
You take 2 damage, and now have 11/13 hp.
A kobold is nearby!
You hit the kobold but do no damage.
The kobold hits you with a +0 short sword.
You are too injured to fight recklessly! 😮 HP[-2]
You take 2 damage, and now have 9/13 hp.
A kobold is nearby!
A kobold is nearby!
You are too injured to fight recklessly!
You are too injured to fight recklessly!
A kobold is nearby!
You are too injured to fight recklessly!
You are too injured to fight recklessly!
You are too injured to fight recklessly!
You are too injured to fight recklessly!
A kobold is nearby!
Unknown command.
You barely miss the kobold. The kobold closely misses you. 😕 HP[+1]
You closely miss the kobold.
The kobold hits you with a +0 short sword. 😮 HP[-3]
You take 3 damage, and now have 7/13 hp.
MASSIVE DAMAGE!! (PAUSE)
You miss the kobold.
The kobold hits you with a +0 short sword.
* * * LOW HITPOINT WARNING * * *
😨 HP[-3]
You take 3 damage, and now have 4/13 hp.
MASSIVE DAMAGE!! (PAUSE)
You hit the kobold. The kobold barely misses you.
You hit the kobold but do no damage.
The kobold hits you with a +0 short sword.
* * * LOW HITPOINT WARNING * * *
😱 HP[-2]
You take 2 damage, and now have 2/13 hp.
Unknown command.
You hit the kobold but do no damage. The kobold misses you. 😱 HP[+1]
A kobold is nearby!
You hit the kobold but do no damage. The kobold barely misses you.
You completely miss the kobold.
The kobold hits you with a +0 short sword.
You die...

Skill      XL: |  1 |
---------------+----+-----
Short Blades   | 1 |  1.1
Dodging        | |  1.7
Stealth        | |  2.7
Spellcasting   | |  2.0
Hexes          | |  3.1

Action                     || total
---------------------------++-------
  Melee: Dagger            ||    30
 Armour: Robe              ||    14
  Dodge: Dodged            ||    13

Levels and vault maps discovered:
D:1:      lemuel_arrival_cross, layout_basic, nicolae_the_louvre
D:2:      layout_loops_corners, basic_altar

Notes
Turn   | Place    | Note
-------+----------+-------------------------------------------
     0 | D:1      | kae the Demonspawn Enchanter began the quest for the Orb.
     0 | D:1      | Reached XP level 1. HP: 13/13 MP: 3/3
     0 | D:1      | magus.rc [v1.11.3]
    23 | D:1      | Reached skill level 1 in Short Blades
    92 | D:1      | You fall into a shaft and drop 1 floor!
   151 | D:2      | Found a snail-covered altar of Cheibriados.
   273 | D:2      | HP: 2/13 [kobold/+0 short sword (2)]
   276 | D:2      | Slain by a kobold

Vanquished Creatures
  4 goblins
  A hobgoblin (D:2)
  A rat (D:1)
6 creatures vanquished.

Table legend:
 A = Non-vault XP
 B = Vault XP
 C = Vault XP percentage of total XP
 D = Non-vault monster count
 E = Vault monster count
 F = Vault count percentage of total count
                 A         B        C        D         E       F
            +---------+---------+-------+---------+---------+-------
      Total |       9 |       0 |   0.0 |       6 |       0 |   0.0
            +---------+---------+-------+---------+---------+-------
        D:1 |       3 |       0 |   0.0 |       2 |       0 |   0.0
        D:2 |       6 |       0 |   0.0 |       4 |       0 |   0.0
            +---------+---------+-------+---------+---------+-------

Skill      XL: |  1 |
---------------+----+-----
Short Blades   | 1 |  1.1
Dodging        | |  1.7
Stealth        | |  2.7
Spellcasting   | |  2.0
Hexes          | |  3.1

Action                     || total
---------------------------++-------
  Melee: Dagger            ||    30
 Armour: Robe              ||    14
  Dodge: Dodged            ||    13

Illustrated notes

Table legend:
 A = Kills in this place as a percentage of kills in the entire game.
 B = Kills by you in this place as a percentage of kills by you in the entire game.
 C = Kills by friends in this place as a percentage of kills by friends in the entire game.
 D = Other kills in this place as a percentage of other kills in the entire game.
 E = Experience gained in this place as a percentage of experience gained in the entire game.
 F = Experience gained in this place divided by the number of levels of this place that you have seen.
                   A       B       C       D       E      F
               +-------+-------+-------+-------+-------+----------------------
         Total | 100.0 | 100.0 |   N/A |   N/A | 100.0 |   4.5
       Dungeon | 100.0 | 100.0 |   N/A |   N/A | 100.0 |   4.5
               +-------+-------+-------+-------+-------+----------------------

Table legend: (Time is in decaauts)
 A = Elapsed time spent in this place.
 B = Non-inter-level travel time spent in this place.
 C = Inter-level travel time spent in this place.
 D = Time resting spent in this place.
 E = Time spent auto-exploring this place.
 F = Levels seen in this place.
 G = Mean time per level.
                   A        B        C        D        E       F      G
               +--------+--------+--------+--------+--------+-----+--------+
         Total |    273 |    273 |      0 |      0 |    216 |   2 |  136.5 |
       Dungeon |    273 |    273 |      0 |      0 |    216 |   2 |  136.5 |
               +--------+--------+--------+--------+--------+-----+--------+

Top non-repeatable levels by time:
     D:2: 181 daAuts
     D:1: 91 daAuts
